Flyers vs Predators
Created - November 11, 2023 at 19:48
Goals
|
| Flyers |
2 |
1 |
1 |
4 |
| Predators |
1 |
2 |
0 |
3 |
|
Shots
|
| Flyers |
10 |
17 |
7 |
34 |
| Predators |
16 |
7 |
3 |
26 |
|
1st period
1. Predators , Claude Giroux 5 (Andy Miele 6, Ryan Mcdonagh 7) at 13:08 (PP)
2. Flyers , Travis Konecny 4 (Jacob Trouba 5, Nathan Beaulieu 6) at 18:03
3. Flyers , Max Pacioretty 2 (Jeff Carter 3) at 19:58
Penalties :
Jeff Carter (Phi) for Hooking (Minor) at 12:40
2nd period
4. Predators , Mikael Granlund 7 (Claude Giroux 10, Andy Miele 7) at 1:48
5. Predators , Scott Laughton 5 (Justin Faulk 7, Reilly Smith 6) at 3:13 (PP)
6. Flyers , Niclas Bergfors 5 (Michael Bournival 3, Jordan Nolan 8) at 10:37
Penalties :
Ivan Provorov (Phi) for Slashing (Minor) at 1:51, John Moore (Nas) for Delaying the game (Minor) at 3:37, Calle Jarnkrok (Phi) for Interference (Minor) at 17:38
3rd period
7. Flyers , Nick Ritchie 9 (Jordan Nolan 9) at 11:38 (PP)
Penalties :
Jaden Schwartz (Nas) for Holding (Minor) at 3:22, Jordan Nolan (Phi) for Tripping (Minor) at 4:31, Alexander Ovechkin (Nas) for Hooking (Minor) at 10:17, Mikael Granlund (Nas) for Hooking (Minor) at 13:49, Travis Dermott (Nas) for Roughing (Minor) at 16:10, Jordan Nolan (Phi) for Interference (Minor) at 19:56
Goalie Stats
Ilya Sorokin (Phi), 23 saves from 26 shots - (0.885), W, 2-0-0, 60:00 minutes
Michal Neuvirth (Nas), 30 saves from 34 shots - (0.882), L, 4-6-1, 58:54 minutes
Players Stats for Flyers
Player Name G A P +/- PIM S H SB GA TA FO MP PP MP PK MP
------------------------------------------------------------------------------------
Blake Heinrich 0 0 0 0 0 0 0 2 0 0 0/0 10:51 0:10 0:38
Brian Lashoff 0 0 0 1 0 0 2 0 2 0 0/0 19:43 3:26 1:56
Brock Nelson 0 0 0 1 0 3 1 0 0 0 0/0 9:38 0:00 1:06
Calle Jarnkrok 0 0 0 1 2 1 0 0 0 0 0/0 12:22 0:06 0:39
Ivan Provorov 0 0 0 1 2 1 2 0 1 0 0/0 19:04 3:26 1:18
Jacob Trouba 0 1 1 1 0 0 1 2 1 1 0/0 30:04 4:51 3:05
Jake Dotchin 0 0 0 0 0 0 2 1 0 1 0/0 10:13 0:10 0:00
Jakub Voracek 0 0 0 -1 0 1 2 2 2 1 0/3 20:24 5:05 0:50
Jeff Carter 0 1 1 1 2 2 2 0 0 1 5/8 15:18 3:16 1:02
Jordan Nolan 0 2 2 -1 4 5 0 1 0 0 13/34 22:40 5:04 2:32
Max Pacioretty 1 0 1 1 0 4 0 1 0 0 0/0 14:59 3:16 0:06
Michael Bournival 0 1 1 1 0 1 1 0 0 0 0/0 11:06 0:00 0:00
Mikko Rantanen 0 0 0 1 0 8 1 0 0 0 0/0 14:17 3:16 0:00
Nathan Beaulieu 0 1 1 1 0 1 0 1 0 2 0/0 30:04 4:51 3:05
Nick Ritchie 1 0 1 -1 0 2 3 1 0 0 2/4 22:36 4:56 2:48
Niclas Bergfors 1 0 1 1 0 4 1 0 0 0 0/2 11:57 0:21 0:02
Travis Konecny 1 0 1 1 0 1 0 2 0 0 0/0 8:23 0:00 0:00
Travis Zajac 0 0 0 1 0 0 1 0 2 0 4/7 10:25 0:00 0:57
Players Stats for Predators
Player Name G A P +/- PIM S H SB GA TA FO MP PP MP PK MP
------------------------------------------------------------------------------------
Alexander Ovechkin 0 0 0 -1 2 1 3 0 0 1 1/1 20:04 1:57 3:43
Andreas Englund 0 0 0 0 0 0 1 1 0 0 0/0 11:51 0:00 0:06
Andy Miele 0 2 2 1 0 0 1 0 1 0 16/27 18:16 3:01 0:45
Anton Gustafsson 0 0 0 -1 0 0 1 0 0 0 1/1 4:00 0:00 0:00
Claude Giroux 1 1 2 0 0 5 1 0 1 0 7/12 26:24 2:46 5:11
Jaden Schwartz 0 0 0 -1 2 3 1 0 2 0 0/0 15:57 0:03 2:55
John Moore 0 0 0 0 2 0 1 0 1 2 0/0 27:11 2:41 3:44
Josh Morrissey 0 0 0 -2 0 0 0 0 0 0 0/0 21:19 2:20 3:28
Justin Faulk 0 1 1 -2 0 1 0 1 0 0 0/0 21:16 2:20 3:31
Lucas Wallmark 0 0 0 0 0 0 0 0 0 0 0/0 1:25 0:18 0:00
Mark Pysyk 0 0 0 -1 0 1 0 0 0 1 0/0 13:07 0:03 0:00
Markus Granlund 0 0 0 -1 0 1 1 1 0 0 3/6 13:00 0:00 0:00
Mikael Granlund 1 0 1 1 2 3 0 1 0 1 0/1 18:40 3:01 1:11
Nicolas Kerdiles 0 0 0 -1 0 1 0 0 0 0 0/0 7:25 0:00 3:09
Reilly Smith 0 1 1 -1 0 4 1 0 1 2 2/2 16:05 1:57 0:00
Ryan Mcdonagh 0 1 1 0 0 3 2 1 0 1 0/0 27:02 2:41 4:59
Scott Laughton 1 0 1 -1 0 2 1 1 0 0 4/8 16:05 1:57 0:00
Travis Dermott 0 0 0 0 2 1 1 0 0 0 0/0 11:31 0:00 1:06
3 Stars
1 - Claude Giroux (Nas)
2 - Niclas Bergfors (Phi)
3 - Travis Konecny (Phi)
Power Play
Flyers - 1 on 5 Attempt(s) - 20.00%
Predators - 2 on 5 Attempt(s) - 40.00%
Penalty Kill
Flyers - 3 on 5 Attempt(s) - 60.00%
- Score 0 goal in Penalty Kill
Predators - 4 on 5 Attempt(s) - 80.00%
- Score 0 goal in Penalty Kill
Team Stat
Flyers - Hits : 19 - Faceoff Wins : 24 - Blocked Shots : 13 - Penalty Minutes : 10
Predators - Hits : 15 - Faceoff Wins : 34 - Blocked Shots : 6 - Penalty Minutes : 10
Official
Referees : Jean Hebert and Graham Skilliter
Linesman : Kiel Murchison and Trent Knorr
Game Notes
No Game Note
Finance
Level 1 -- Attendance: 5434 (90.57%) -- Ticket Income $543,400
Level 2 -- Attendance: 4493 (89.86%) -- Ticket Income $269,580
Level 3 -- Attendance: 1823 (91.15%) -- Ticket Income $63,805
Level 4 -- Attendance: 3545 (88.63%) -- Ticket Income $88,625
Luxury Box -- Attendance: 958 (95.80%) -- Ticket Income $191,600
Game was played at the Bridgestone arena.
Total Attendance: 16253 (90.29%)
Total Ticket Income: $1,157,010
Other Income: $173,552
Total Income: $1,330,562
Flyers
5 vs 5 Forward
Center Left Wing Right Wing Time % Phy DF OF
1 Jordan Nolan Nick Ritchie Jakub Voracek 40 1 2 2
2 Jeff Carter Max Pacioretty Mikko Rantanen 30 1 2 2
3 Calle Jarnkrok Michael Bournival Niclas Bergfors 20 1 2 2
4 Travis Zajac Brock Nelson Travis Konecny 10 1 2 2
5 vs 5 Defense
Defense Defense Time % Phy DF OF
1 Jacob Trouba Nathan Beaulieu 40 1 2 2
2 Brian Lashoff Ivan Provorov 30 1 2 2
3 Jake Dotchin Blake Heinrich 20 1 2 2
4 Jacob Trouba Nathan Beaulieu 10 1 2 2
PowerPlay Forward
Center Left Wing Right Wing Time % Phy DF OF
1 Jordan Nolan Nick Ritchie Jakub Voracek 60 1 2 2
2 Jeff Carter Max Pacioretty Mikko Rantanen 40 1 2 2
PowerPlay Defense
Defense Defense Time % Phy DF OF
1 Jacob Trouba Nathan Beaulieu 60 1 2 2
2 Brian Lashoff Ivan Provorov 40 1 2 2
Penalty Kill 4 Players Forward
Center Wing Time % Phy DF OF
1 Jordan Nolan Nick Ritchie 60 1 2 2
2 Jakub Voracek Jeff Carter 40 1 2 2
Penalty Kill 4 Players Defense
Defense Defense Time % Phy DF OF
1 Jacob Trouba Nathan Beaulieu 60 1 2 2
2 Brian Lashoff Ivan Provorov 40 1 2 2
Penalty Kill - 3 Players Forward
Forward Time % Phy DF OF
1 Jordan Nolan 60 1 2 2
2 Nick Ritchie 40 1 2 2
Penalty Kill - 3 Players Defense
Defense Defense Time % Phy DF OF
1 Jacob Trouba Nathan Beaulieu 60 1 2 2
2 Brian Lashoff Ivan Provorov 40 1 2 2
4 vs 4 Forward
Center Wing Time % Phy DF OF
1 Jordan Nolan Nick Ritchie 60 1 2 2
2 Jakub Voracek Jeff Carter 40 1 2 2
4 vs 4 Defense
Defense Defense Time % Phy DF OF
1 Jacob Trouba Nathan Beaulieu 60 1 2 2
2 Brian Lashoff Ivan Provorov 40 1 2 2
Last Minutes Offensive
Center Left Wing Right Wing Defense Defense
Jordan Nolan Nick Ritchie Jakub Voracek Jacob Trouba Nathan Beaulieu
Last Minutes Defensive
Center Left Wing Right Wing Defense Defense
Jordan Nolan Nick Ritchie Jakub Voracek Jacob Trouba Nathan Beaulieu
Goaltenders
Starting : Ilya Sorokin
Backup : Steve Mason
Extra Forwards
Normal : Niclas Bergfors, Calle Jarnkrok, Travis Zajac - PP : Niclas Bergfors, Calle Jarnkrok - PK : Travis Zajac
Extra Defensemen
Normal : Jake Dotchin, Blake Heinrich, Brian Lashoff - PP : Jake Dotchin - PK : Blake Heinrich, Brian Lashoff
Penalty Shots
Jordan Nolan, Nick Ritchie, Jakub Voracek, Jeff Carter, Mikko Rantanen
Custom OT Lines Forwards
Jordan Nolan, Nick Ritchie, Jakub Voracek, Jeff Carter, Mikko Rantanen, Max Pacioretty, Niclas Bergfors, Calle Jarnkrok, Travis Zajac, Travis Konecny
Custom OT Lines Defensemen
Jacob Trouba, Nathan Beaulieu, Brian Lashoff, Ivan Provorov, Jake Dotchin
Scratches
None
Predators
5 vs 5 Forward
Center Left Wing Right Wing Time % Phy DF OF
1 Andy Miele Claude Giroux Mikael Granlund 40 1 2 2
2 Scott Laughton Alexander Ovechkin Reilly Smith 30 1 2 2
3 Markus Granlund Jaden Schwartz Mark Pysyk 20 1 2 2
4 Anton Gustafsson Nicolas Kerdiles Claude Giroux 10 1 2 2
5 vs 5 Defense
Defense Defense Time % Phy DF OF
1 Ryan Mcdonagh John Moore 40 1 2 2
2 Justin Faulk Josh Morrissey 30 1 2 2
3 Andreas Englund Travis Dermott 20 1 2 2
4 Ryan Mcdonagh John Moore 10 1 2 2
PowerPlay Forward
Center Left Wing Right Wing Time % Phy DF OF
1 Andy Miele Claude Giroux Mikael Granlund 60 1 2 2
2 Scott Laughton Alexander Ovechkin Reilly Smith 40 1 2 2
PowerPlay Defense
Defense Defense Time % Phy DF OF
1 Ryan Mcdonagh John Moore 60 1 2 2
2 Justin Faulk Josh Morrissey 40 1 2 2
Penalty Kill 4 Players Forward
Center Wing Time % Phy DF OF
1 Claude Giroux Alexander Ovechkin 60 1 2 2
2 Mikael Granlund Jaden Schwartz 40 1 2 2
Penalty Kill 4 Players Defense
Defense Defense Time % Phy DF OF
1 Ryan Mcdonagh John Moore 60 1 2 2
2 Justin Faulk Josh Morrissey 40 1 2 2
Penalty Kill - 3 Players Forward
Forward Time % Phy DF OF
1 Claude Giroux 60 1 2 2
2 Alexander Ovechkin 40 1 2 2
Penalty Kill - 3 Players Defense
Defense Defense Time % Phy DF OF
1 Ryan Mcdonagh John Moore 60 1 2 2
2 Justin Faulk Josh Morrissey 40 1 2 2
4 vs 4 Forward
Center Wing Time % Phy DF OF
1 Claude Giroux Alexander Ovechkin 60 1 2 2
2 Mikael Granlund Jaden Schwartz 40 1 2 2
4 vs 4 Defense
Defense Defense Time % Phy DF OF
1 Ryan Mcdonagh John Moore 60 1 2 2
2 Justin Faulk Josh Morrissey 40 1 2 2
Last Minutes Offensive
Center Left Wing Right Wing Defense Defense
Andy Miele Claude Giroux Mikael Granlund Ryan Mcdonagh John Moore
Last Minutes Defensive
Center Left Wing Right Wing Defense Defense
Andy Miele Claude Giroux Mikael Granlund Ryan Mcdonagh John Moore
Goaltenders
Starting : Michal Neuvirth
Backup : Kari Lehtonen
Extra Forwards
Normal : Lucas Wallmark, Mark Pysyk, Nicolas Kerdiles - PP : Lucas Wallmark, Mark Pysyk - PK : Nicolas Kerdiles
Extra Defensemen
Normal : Andreas Englund, Travis Dermott, Justin Faulk - PP : Andreas Englund - PK : Travis Dermott, Justin Faulk
Penalty Shots
Claude Giroux, Alexander Ovechkin, Mikael Granlund, Jaden Schwartz, Reilly Smith
Custom OT Lines Forwards
Claude Giroux, Alexander Ovechkin, Mikael Granlund, Jaden Schwartz, Reilly Smith, Andy Miele, Mark Pysyk, Nicolas Kerdiles, Scott Laughton, Markus Granlund
Custom OT Lines Defensemen
Ryan Mcdonagh, John Moore, Justin Faulk, Josh Morrissey, Andreas Englund
Scratches
Jack Eichel (Separated Right Shoulder Injury), Joel Armia (Fractured Bone in Left Hand Injury)
% Time on Ice - Flyers
Lines # - Real PCT - Wanted PCT - Time Play
Normal Forward
1 - 31% - 40% - 14:00
2 - 25% - 30% - 11:01
3 - 25% - 20% - 11:06
4 - 19% - 10% - 8:23
Normal Defense
1 - 40% - 40% - 17:37
2 - 31% - 30% - 13:41
3 - 22% - 20% - 9:41
4 - 8% - 10% - 3:31
PP Forward
1 - 61% - 60% - 5:11
2 - 39% - 40% - 3:16
PP Defense
1 - 59% - 60% - 5:01
2 - 41% - 40% - 3:26
PK Forward
1 - 83% - 60% - 4:11
2 - 17% - 40% - 0:50
PK Defense
1 - 61% - 60% - 3:05
2 - 39% - 40% - 1:56
PK3 Forward
1 - 0% - 60%
2 - 0% - 40%
PK3 Defense
1 - 0% - 60%
2 - 0% - 40%
44 Forward
1 - 100% - 60% - 0:50
2 - 0% - 40% - 0:00
44 Defense
1 - 20% - 60% - 0:10
2 - 80% - 40% - 0:40
Last Minute Offensive - 0:00
Last Minute Defensive - 1:12
Total
Forward - 60:00
Defense - 60:00
|
% Time on Ice - Predators
Lines # - Real PCT - Wanted PCT - Time Play
Normal Forward
1 - 30% - 40% - 13:25
2 - 32% - 30% - 14:08
3 - 29% - 20% - 13:00
4 - 9% - 10% - 4:00
Normal Defense
1 - 39% - 40% - 17:23
2 - 34% - 30% - 15:02
3 - 23% - 20% - 10:15
4 - 4% - 10% - 1:53
PP Forward
1 - 61% - 60% - 3:04
2 - 39% - 40% - 1:57
PP Defense
1 - 53% - 60% - 2:41
2 - 47% - 40% - 2:20
PK Forward
1 - 82% - 60% - 6:55
2 - 18% - 40% - 1:32
PK Defense
1 - 60% - 60% - 5:05
2 - 40% - 40% - 3:22
PK3 Forward
1 - 0% - 60%
2 - 0% - 40%
PK3 Defense
1 - 0% - 60%
2 - 0% - 40%
44 Forward
1 - 86% - 60% - 0:43
2 - 14% - 40% - 0:07
44 Defense
1 - 54% - 60% - 0:27
2 - 46% - 40% - 0:23
Last Minute Offensive - 1:09
Last Minute Defensive - 0:00
Total
Forward - 60:00
Defense - 60:00
|
Play-by-Play
1st period
0:01 of 1st period - Andy Miele wins face-off versus Jordan Nolan in neutral zone.
0:27 of 1st period - Nathan Beaulieu is hit by Scott Laughton and loses puck.
1:13 of 1st period - Slapshot by Brock Nelson.
1:13 of 1st period - Stopped by Michal Neuvirth without a rebound.
1:14 of 1st period - Anton Gustafsson wins face-off versus Travis Zajac in Predators zone.
1:23 of 1st period - Slapshot by Claude Giroux.
1:23 of 1st period - Deflect By Jake Dotchin.
1:23 of 1st period - Stopped by Ilya Sorokin with a rebound.
1:29 of 1st period - Snap shot by Claude Giroux.
1:29 of 1st period - Stopped by Ilya Sorokin without a rebound.
1:30 of 1st period - Andy Miele wins face-off versus Jakub Voracek in Flyers zone.
1:37 of 1st period - Wrist shot by Mikael Granlund.
1:37 of 1st period - Shot Misses the Net.
1:57 of 1st period - Nathan Beaulieu is hit by Alexander Ovechkin and loses puck.
2:02 of 1st period - Snap shot by Reilly Smith.
2:02 of 1st period - Stopped by Ilya Sorokin with a rebound.
2:26 of 1st period - Snap shot by Alexander Ovechkin.
2:26 of 1st period - Stopped by Ilya Sorokin with a rebound.
3:00 of 1st period - Off-side.
3:01 of 1st period - Jordan Nolan wins face-off versus Andy Miele in neutral zone.
3:10 of 1st period - Wrist shot by Jordan Nolan.
3:10 of 1st period - Stopped by Michal Neuvirth without a rebound.
3:11 of 1st period - Nick Ritchie wins face-off versus Scott Laughton in Predators zone.
3:18 of 1st period - Snap shot by Nick Ritchie.
3:18 of 1st period - Shot Misses the Net.
3:24 of 1st period - Slapshot by Reilly Smith.
3:24 of 1st period - Stopped by Ilya Sorokin with a rebound.
3:26 of 1st period - Backhand shot by Ryan Mcdonagh.
3:26 of 1st period - Stopped by Ilya Sorokin with a rebound.
3:38 of 1st period - Nathan Beaulieu is hit by John Moore and loses puck.
3:47 of 1st period - Snap shot by Mark Pysyk.
3:47 of 1st period - Shot Misses the Net.
4:11 of 1st period - Wrist shot by Niclas Bergfors.
4:11 of 1st period - Shot Misses the Net.
4:51 of 1st period - Justin Faulk is hit by Brock Nelson and loses puck.
6:11 of 1st period - Slapshot by Jordan Nolan.
6:11 of 1st period - Stopped by Michal Neuvirth with a rebound.
6:29 of 1st period - Wrist shot by Mikko Rantanen.
6:29 of 1st period - Shot Blocked by Scott Laughton.
6:31 of 1st period - Slapshot by Max Pacioretty.
6:31 of 1st period - Shot Misses the Net.
7:02 of 1st period - Icing by Nathan Beaulieu.
7:03 of 1st period - Markus Granlund wins face-off versus Jordan Nolan in Flyers zone.
7:18 of 1st period - Wrist shot by Nick Ritchie.
7:18 of 1st period - Deflect By Jordan Nolan.
7:18 of 1st period - Stopped by Michal Neuvirth with a rebound.
7:20 of 1st period - Slapshot by Jacob Trouba.
7:20 of 1st period - Deflect By Jordan Nolan.
7:20 of 1st period - Stopped by Michal Neuvirth with a rebound.
7:22 of 1st period - Slapshot by Jordan Nolan.
7:22 of 1st period - Shot Misses the Net.
7:32 of 1st period - Snap shot by Jordan Nolan.
7:32 of 1st period - Stopped by Michal Neuvirth without a rebound.
7:33 of 1st period - Andy Miele wins face-off versus Jeff Carter in Predators zone.
7:33 of 1st period - Andy Miele is hit by Brian Lashoff.
7:51 of 1st period - Mikko Rantanen is hit by Claude Giroux.
8:17 of 1st period - Josh Morrissey is hit by Ivan Provorov and loses puck.
8:38 of 1st period - Snap shot by Alexander Ovechkin.
8:38 of 1st period - Shot Misses the Net.
8:40 of 1st period - Slapshot by Justin Faulk.
8:40 of 1st period - Shot Misses the Net.
9:12 of 1st period - Snap shot by Reilly Smith.
9:12 of 1st period - Shot Blocked by Blake Heinrich.
9:52 of 1st period - Snap shot by Alexander Ovechkin.
9:52 of 1st period - Shot Misses the Net.
9:54 of 1st period - Slapshot by Scott Laughton.
9:54 of 1st period - Shot Misses the Net.
9:56 of 1st period - Snap shot by Alexander Ovechkin.
9:56 of 1st period - Shot Blocked by Travis Konecny.
10:10 of 1st period - Wrist shot by Alexander Ovechkin.
10:10 of 1st period - Shot Misses the Net.
10:41 of 1st period - Snap shot by Reilly Smith.
10:41 of 1st period - Stopped by Ilya Sorokin with a rebound.
10:43 of 1st period - Wrist shot by Reilly Smith.
10:43 of 1st period - Stopped by Ilya Sorokin with a rebound.
10:45 of 1st period - Snap shot by Alexander Ovechkin.
10:45 of 1st period - Shot Blocked by Jake Dotchin.
11:04 of 1st period - Snap shot by Alexander Ovechkin.
11:04 of 1st period - Shot Misses the Net.
11:06 of 1st period - Wrist shot by Scott Laughton.
11:06 of 1st period - Stopped by Ilya Sorokin with a rebound.
11:08 of 1st period - Slapshot by Justin Faulk.
11:08 of 1st period - Stopped by Ilya Sorokin without a rebound.
11:09 of 1st period - Jordan Nolan wins face-off versus Andy Miele in Flyers zone.
11:22 of 1st period - Off-side.
11:23 of 1st period - Andy Miele wins face-off versus Jakub Voracek in neutral zone.
11:54 of 1st period - Snap shot by Jaden Schwartz.
11:54 of 1st period - Stopped by Ilya Sorokin with a rebound.
12:10 of 1st period - Brian Lashoff is hit by Anton Gustafsson and loses puck.
12:40 of 1st period - Minor Penalty to Jeff Carter for Hooking.
12:41 of 1st period - Andy Miele wins face-off versus Jordan Nolan in Flyers zone.
12:43 of 1st period - Wrist shot by Claude Giroux.
12:43 of 1st period - Stopped by Ilya Sorokin without a rebound.
12:44 of 1st period - Jordan Nolan wins face-off versus Andy Miele in Flyers zone.
12:52 of 1st period - Icing by John Moore.
12:53 of 1st period - Andy Miele wins face-off versus Jordan Nolan in Predators zone.
13:08 of 1st period - Slapshot by Claude Giroux.
13:08 of 1st period - Goal by Claude Giroux - Flyers : 0 - Predators : 1.
13:09 of 1st period - Jordan Nolan wins face-off versus Mikael Granlund in neutral zone.
13:36 of 1st period - Claude Giroux is hit by Michael Bournival.
13:48 of 1st period - Wrist shot by Claude Giroux.
13:48 of 1st period - Shot Misses the Net.
14:54 of 1st period - Blake Heinrich is hit by Travis Dermott and loses puck.
16:05 of 1st period - Snap shot by Mikko Rantanen.
16:05 of 1st period - Stopped by Michal Neuvirth without a rebound.
16:06 of 1st period - Jeff Carter wins face-off versus Andy Miele in Predators zone.
16:11 of 1st period - Snap shot by Mikko Rantanen.
16:11 of 1st period - Stopped by Michal Neuvirth without a rebound.
16:12 of 1st period - Andy Miele wins face-off versus Jordan Nolan in Predators zone.
16:12 of 1st period - Andy Miele is hit by Jakub Voracek.
16:42 of 1st period - Wrist shot by Jaden Schwartz.
16:42 of 1st period - Stopped by Ilya Sorokin with a rebound.
16:44 of 1st period - Slapshot by Ryan Mcdonagh.
16:44 of 1st period - Shot Misses the Net.
16:46 of 1st period - Snap shot by Ryan Mcdonagh.
16:46 of 1st period - Stopped by Ilya Sorokin without a rebound.
16:47 of 1st period - Jordan Nolan wins face-off versus Markus Granlund in Flyers zone.
16:54 of 1st period - Snap shot by Nick Ritchie.
16:54 of 1st period - Shot Misses the Net.
17:02 of 1st period - Snap shot by Markus Granlund.
17:02 of 1st period - Shot Misses the Net.
17:04 of 1st period - Wrist shot by Jaden Schwartz.
17:04 of 1st period - Shot Blocked by Jakub Voracek.
17:14 of 1st period - Andy Miele is hit by Jeff Carter.
18:03 of 1st period - Snap shot by Travis Konecny.
18:03 of 1st period - Goal by Travis Konecny - Flyers : 1 - Predators : 1.
18:04 of 1st period - Claude Giroux wins face-off versus Jordan Nolan in neutral zone.
18:41 of 1st period - Snap shot by Mark Pysyk.
18:41 of 1st period - Stopped by Ilya Sorokin with a rebound.
19:58 of 1st period - Snap shot by Max Pacioretty.
19:58 of 1st period - Goal by Max Pacioretty - Flyers : 2 - Predators : 1.
19:59 of 1st period - Andy Miele wins face-off versus Jordan Nolan in neutral zone.
Goals for this period are 2 for Flyers vs 1 for Predators.
Shots for this period are 10 for Flyers vs 16 for Predators.
2nd period
0:01 of 2nd period - Andy Miele wins face-off versus Jordan Nolan in neutral zone.
0:36 of 2nd period - Wrist shot by Max Pacioretty.
0:36 of 2nd period - Stopped by Michal Neuvirth with a rebound.
0:57 of 2nd period - Brian Lashoff is hit by Markus Granlund.
1:48 of 2nd period - Snap shot by Mikael Granlund.
1:48 of 2nd period - Goal by Mikael Granlund - Flyers : 2 - Predators : 2.
1:49 of 2nd period - Jordan Nolan wins face-off versus Andy Miele in neutral zone.
1:51 of 2nd period - Minor Penalty to Ivan Provorov for Slashing.
1:52 of 2nd period - Jordan Nolan wins face-off versus Andy Miele in Flyers zone.
2:28 of 2nd period - Snap shot by Reilly Smith.
2:28 of 2nd period - Shot Blocked by Jacob Trouba.
2:47 of 2nd period - Off-side.
2:48 of 2nd period - Travis Zajac wins face-off versus Andy Miele in neutral zone.
2:53 of 2nd period - Slapshot by Brock Nelson.
2:53 of 2nd period - Shot Misses the Net.
3:07 of 2nd period - Wrist shot by Scott Laughton.
3:07 of 2nd period - Shot Blocked by Blake Heinrich.
3:09 of 2nd period - Wrist shot by Scott Laughton.
3:09 of 2nd period - Shot Blocked by Nick Ritchie.
3:11 of 2nd period - Slapshot by Justin Faulk.
3:11 of 2nd period - Shot Misses the Net.
3:13 of 2nd period - Slapshot by Scott Laughton.
3:13 of 2nd period - Goal by Scott Laughton - Flyers : 2 - Predators : 3.
3:14 of 2nd period - Claude Giroux wins face-off versus Jordan Nolan in neutral zone.
3:23 of 2nd period - Snap shot by Jacob Trouba.
3:23 of 2nd period - Shot Blocked by Mikael Granlund.
3:25 of 2nd period - Snap shot by Nick Ritchie.
3:25 of 2nd period - Shot Misses the Net.
3:37 of 2nd period - Minor Penalty to John Moore for Delaying the game.
3:38 of 2nd period - Jordan Nolan wins face-off versus Claude Giroux in Predators zone.
3:41 of 2nd period - Snap shot by Nick Ritchie.
3:41 of 2nd period - Shot Misses the Net.
3:43 of 2nd period - Slapshot by Nathan Beaulieu.
3:43 of 2nd period - Deflect By Claude Giroux.
3:43 of 2nd period - Stopped by Michal Neuvirth without a rebound.
3:44 of 2nd period - Nick Ritchie wins face-off versus Claude Giroux in Predators zone.
3:57 of 2nd period - Wrist shot by Jakub Voracek.
3:57 of 2nd period - Shot Misses the Net.
4:01 of 2nd period - Snap shot by Nick Ritchie.
4:01 of 2nd period - Stopped by Michal Neuvirth with a rebound.
4:53 of 2nd period - Brian Lashoff is hit by Alexander Ovechkin.
5:03 of 2nd period - Ryan Mcdonagh is hit by Mikko Rantanen and loses puck.
5:37 of 2nd period - Penalty to John Moore is over, John Moore is back on ice.
6:02 of 2nd period - Backhand shot by Jaden Schwartz.
6:02 of 2nd period - Stopped by Ilya Sorokin without a rebound.
6:03 of 2nd period - Markus Granlund wins face-off versus Travis Zajac in Flyers zone.
7:07 of 2nd period - Wrist shot by Claude Giroux.
7:07 of 2nd period - Shot Misses the Net.
7:40 of 2nd period - Slapshot by Mikko Rantanen.
7:40 of 2nd period - Shot Misses the Net.
7:48 of 2nd period - Snap shot by Jeff Carter.
7:48 of 2nd period - Stopped by Michal Neuvirth without a rebound.
7:49 of 2nd period - Andy Miele wins face-off versus Jordan Nolan in Predators zone.
8:54 of 2nd period - Claude Giroux is hit by Jakub Voracek and loses puck.
9:21 of 2nd period - Snap shot by Jaden Schwartz.
9:21 of 2nd period - Shot Misses the Net.
9:23 of 2nd period - Slapshot by Markus Granlund.
9:23 of 2nd period - Stopped by Ilya Sorokin with a rebound.
9:25 of 2nd period - Backhand shot by Travis Dermott.
9:25 of 2nd period - Stopped by Ilya Sorokin with a rebound.
9:27 of 2nd period - Slapshot by Josh Morrissey.
9:27 of 2nd period - Shot Misses the Net.
9:41 of 2nd period - Snap shot by Max Pacioretty.
9:41 of 2nd period - Stopped by Michal Neuvirth without a rebound.
9:42 of 2nd period - Alexander Ovechkin wins face-off versus Jeff Carter in Predators zone.
10:37 of 2nd period - Snap shot by Niclas Bergfors.
10:37 of 2nd period - Goal by Niclas Bergfors - Flyers : 3 - Predators : 3.
10:38 of 2nd period - Andy Miele wins face-off versus Jordan Nolan in neutral zone.
10:47 of 2nd period - Slapshot by Claude Giroux.
10:47 of 2nd period - Shot Misses the Net.
10:51 of 2nd period - Snap shot by Claude Giroux.
10:51 of 2nd period - Shot Blocked by Jakub Voracek.
11:07 of 2nd period - Andy Miele is hit by Jake Dotchin.
11:13 of 2nd period - Blake Heinrich is hit by Ryan Mcdonagh and loses puck.
11:25 of 2nd period - Off-side.
11:26 of 2nd period - Jeff Carter wins face-off versus Scott Laughton in neutral zone.
11:37 of 2nd period - Snap shot by Mikko Rantanen.
11:37 of 2nd period - Stopped by Michal Neuvirth with a rebound.
11:48 of 2nd period - Nathan Beaulieu is hit by Andreas Englund and loses puck.
12:11 of 2nd period - Snap shot by Mikko Rantanen.
12:11 of 2nd period - Shot Misses the Net.
12:57 of 2nd period - Slapshot by Claude Giroux.
12:57 of 2nd period - Stopped by Ilya Sorokin with a rebound.
12:59 of 2nd period - Snap shot by Mikael Granlund.
12:59 of 2nd period - Shot Blocked by Travis Konecny.
13:01 of 2nd period - Slapshot by Mikael Granlund.
13:01 of 2nd period - Stopped by Ilya Sorokin with a rebound.
13:25 of 2nd period - Backhand shot by Jakub Voracek.
13:25 of 2nd period - Stopped by Michal Neuvirth without a rebound.
13:26 of 2nd period - Jeff Carter wins face-off versus Markus Granlund in Predators zone.
13:31 of 2nd period - Snap shot by Max Pacioretty.
13:31 of 2nd period - Stopped by Michal Neuvirth without a rebound.
13:32 of 2nd period - Markus Granlund wins face-off versus Jeff Carter in Predators zone.
14:05 of 2nd period - Wrist shot by Mikko Rantanen.
14:05 of 2nd period - Stopped by Michal Neuvirth with a rebound.
14:07 of 2nd period - Slapshot by Ivan Provorov.
14:07 of 2nd period - Shot Misses the Net.
14:09 of 2nd period - Slapshot by Brian Lashoff.
14:09 of 2nd period - Deflect By Mikko Rantanen.
14:09 of 2nd period - Stopped by Michal Neuvirth with a rebound.
14:11 of 2nd period - Snap shot by Mikko Rantanen.
14:11 of 2nd period - Stopped by Michal Neuvirth with a rebound.
14:13 of 2nd period - Wrist shot by Jeff Carter.
14:13 of 2nd period - Shot Misses the Net.
14:15 of 2nd period - Slapshot by Ivan Provorov.
14:15 of 2nd period - Stopped by Michal Neuvirth with a rebound.
14:17 of 2nd period - Slapshot by Brian Lashoff.
14:17 of 2nd period - Shot Misses the Net.
14:19 of 2nd period - Wrist shot by Jeff Carter.
14:19 of 2nd period - Shot Blocked by Ryan Mcdonagh.
14:21 of 2nd period - Snap shot by Mikko Rantanen.
14:21 of 2nd period - Stopped by Michal Neuvirth without a rebound.
14:22 of 2nd period - Andy Miele wins face-off versus Nick Ritchie in Predators zone.
14:58 of 2nd period - Icing by Nathan Beaulieu.
14:59 of 2nd period - Andy Miele wins face-off versus Niclas Bergfors in Flyers zone.
16:21 of 2nd period - Snap shot by Mikko Rantanen.
16:21 of 2nd period - Stopped by Michal Neuvirth with a rebound.
16:23 of 2nd period - Wrist shot by Mikko Rantanen.
16:23 of 2nd period - Shot Misses the Net.
16:25 of 2nd period - Slapshot by Jeff Carter.
16:25 of 2nd period - Stopped by Michal Neuvirth without a rebound.
16:26 of 2nd period - Reilly Smith wins face-off versus Jordan Nolan in Predators zone.
16:39 of 2nd period - Wrist shot by Reilly Smith.
16:39 of 2nd period - Shot Blocked by Jordan Nolan.
17:38 of 2nd period - Minor Penalty to Calle Jarnkrok for Interference.
17:39 of 2nd period - Andy Miele wins face-off versus Jordan Nolan in Flyers zone.
18:37 of 2nd period - Wrist shot by Nick Ritchie.
18:37 of 2nd period - Deflect By Brock Nelson.
18:37 of 2nd period - Stopped by Michal Neuvirth without a rebound.
18:38 of 2nd period - Travis Zajac wins face-off versus Andy Miele in Predators zone.
19:05 of 2nd period - Reilly Smith is hit by Jeff Carter.
19:38 of 2nd period - Penalty to Calle Jarnkrok is over, Calle Jarnkrok is back on ice.
19:51 of 2nd period - Snap shot by Niclas Bergfors.
19:51 of 2nd period - Shot Blocked by Justin Faulk.
Goals for this period are 1 for Flyers vs 2 for Predators.
Shots for this period are 17 for Flyers vs 7 for Predators.
3rd period
0:01 of 3rd period - Andy Miele wins face-off versus Jordan Nolan in neutral zone.
1:45 of 3rd period - Icing by Brock Nelson.
1:46 of 3rd period - Reilly Smith wins face-off versus Travis Zajac in Flyers zone.
2:05 of 3rd period - Slapshot by Travis Zajac.
2:05 of 3rd period - Shot Misses the Net.
2:07 of 3rd period - Snap shot by Travis Zajac.
2:07 of 3rd period - Shot Blocked by Andreas Englund.
2:09 of 3rd period - Slapshot by Travis Konecny.
2:09 of 3rd period - Shot Misses the Net.
2:11 of 3rd period - Wrist shot by Brock Nelson.
2:11 of 3rd period - Stopped by Michal Neuvirth without a rebound.
2:12 of 3rd period - Scott Laughton wins face-off versus Jordan Nolan in Predators zone.
2:17 of 3rd period - Ivan Provorov is hit by Ryan Mcdonagh and loses puck.
3:02 of 3rd period - Josh Morrissey is hit by Niclas Bergfors.
3:08 of 3rd period - Slapshot by Niclas Bergfors.
3:08 of 3rd period - Shot Misses the Net.
3:10 of 3rd period - Slapshot by Ivan Provorov.
3:10 of 3rd period - Shot Blocked by Markus Granlund.
3:22 of 3rd period - Minor Penalty to Jaden Schwartz for Holding.
3:23 of 3rd period - Claude Giroux wins face-off versus Jordan Nolan in Predators zone.
3:40 of 3rd period - Icing by Jordan Nolan.
3:41 of 3rd period - Claude Giroux wins face-off versus Jordan Nolan in Flyers zone.
4:00 of 3rd period - Claude Giroux is hit by Nick Ritchie and loses puck.
4:15 of 3rd period - Mikael Granlund is hit by Nick Ritchie.
4:21 of 3rd period - Wrist shot by Nicolas Kerdiles.
4:21 of 3rd period - Stopped by Ilya Sorokin with a rebound.
4:31 of 3rd period - Minor Penalty to Jordan Nolan for Tripping.
4:32 of 3rd period - Claude Giroux wins face-off versus Niclas Bergfors in Flyers zone.
4:33 of 3rd period - Slapshot by Alexander Ovechkin.
4:33 of 3rd period - Shot Misses the Net.
5:22 of 3rd period - Penalty to Jaden Schwartz is over, Jaden Schwartz is back on ice.
5:54 of 3rd period - Ryan Mcdonagh is hit by Travis Zajac and loses puck.
6:07 of 3rd period - Justin Faulk is hit by Brian Lashoff and loses puck.
6:31 of 3rd period - Penalty to Jordan Nolan is over, Jordan Nolan is back on ice.
6:46 of 3rd period - Icing by Jordan Nolan.
6:47 of 3rd period - Travis Zajac wins face-off versus Markus Granlund in Flyers zone.
6:52 of 3rd period - Slapshot by Jaden Schwartz.
6:52 of 3rd period - Shot Misses the Net.
6:56 of 3rd period - Wrist shot by Jaden Schwartz.
6:56 of 3rd period - Shot Misses the Net.
7:02 of 3rd period - Snap shot by Mark Pysyk.
7:02 of 3rd period - Shot Blocked by Max Pacioretty.
7:33 of 3rd period - Wrist shot by Anton Gustafsson.
7:33 of 3rd period - Shot Misses the Net.
7:54 of 3rd period - Slapshot by Niclas Bergfors.
7:54 of 3rd period - Stopped by Michal Neuvirth with a rebound.
7:56 of 3rd period - Snap shot by Niclas Bergfors.
7:56 of 3rd period - Stopped by Michal Neuvirth with a rebound.
7:58 of 3rd period - Wrist shot by Niclas Bergfors.
7:58 of 3rd period - Stopped by Michal Neuvirth without a rebound.
7:59 of 3rd period - Scott Laughton wins face-off versus Jordan Nolan in Predators zone.
7:59 of 3rd period - Scott Laughton is hit by Ivan Provorov.
8:04 of 3rd period - Off-side.
8:05 of 3rd period - Jordan Nolan wins face-off versus Scott Laughton in neutral zone.
8:33 of 3rd period - Off-side.
8:34 of 3rd period - Jeff Carter wins face-off versus Andy Miele in neutral zone.
9:01 of 3rd period - Travis Konecny is hit by Alexander Ovechkin and loses puck.
9:23 of 3rd period - Brian Lashoff is hit by Jaden Schwartz and loses puck.
10:04 of 3rd period - Alexander Ovechkin is hit by Jake Dotchin and loses puck.
10:11 of 3rd period - Wrist shot by Michael Bournival.
10:11 of 3rd period - Stopped by Michal Neuvirth with a rebound.
10:17 of 3rd period - Minor Penalty to Alexander Ovechkin for Hooking.
10:18 of 3rd period - Claude Giroux wins face-off versus Jordan Nolan in Predators zone.
10:18 of 3rd period - Claude Giroux is hit by Jacob Trouba.
10:49 of 3rd period - Slapshot by Ivan Provorov.
10:49 of 3rd period - Deflect By Jeff Carter.
10:49 of 3rd period - Shot Misses the Net.
10:49 of 3rd period - Puck is out of play.
10:50 of 3rd period - Jordan Nolan wins face-off versus Claude Giroux in Predators zone.
11:06 of 3rd period - Icing by Jakub Voracek.
11:07 of 3rd period - Jeff Carter wins face-off versus Claude Giroux in Flyers zone.
11:38 of 3rd period - Backhand shot by Nick Ritchie.
11:38 of 3rd period - Goal by Nick Ritchie - Flyers : 4 - Predators : 3.
11:39 of 3rd period - Scott Laughton wins face-off versus Jordan Nolan in neutral zone.
11:46 of 3rd period - Slapshot by Ryan Mcdonagh.
11:46 of 3rd period - Stopped by Ilya Sorokin without a rebound.
11:47 of 3rd period - Scott Laughton wins face-off versus Jordan Nolan in Flyers zone.
13:32 of 3rd period - Slapshot by Niclas Bergfors.
13:32 of 3rd period - Deflect By Calle Jarnkrok.
13:32 of 3rd period - Stopped by Michal Neuvirth without a rebound.
13:33 of 3rd period - Jordan Nolan wins face-off versus Andy Miele in Predators zone.
13:49 of 3rd period - Minor Penalty to Mikael Granlund for Hooking.
13:50 of 3rd period - Claude Giroux wins face-off versus Nick Ritchie in Predators zone.
14:00 of 3rd period - Alexander Ovechkin is hit by Nick Ritchie and loses puck.
15:49 of 3rd period - Penalty to Mikael Granlund is over, Mikael Granlund is back on ice.
16:10 of 3rd period - Minor Penalty to Travis Dermott for Roughing.
16:11 of 3rd period - Jordan Nolan wins face-off versus Claude Giroux in Predators zone.
18:10 of 3rd period - Penalty to Travis Dermott is over, Travis Dermott is back on ice.
18:19 of 3rd period - Brock Nelson is hit by Reilly Smith and loses puck.
18:51 of 3rd period - Nick Ritchie is hit by Andy Miele and loses puck.
18:54 of 3rd period - Predators, Michal Neuvirth is pulled from the net.
19:43 of 3rd period - Backhand shot by Mikael Granlund.
19:43 of 3rd period - Stopped by Ilya Sorokin without a rebound.
19:44 of 3rd period - Ted Nolan call a timeout for Predators.
19:44 of 3rd period - Andy Miele wins face-off versus Jakub Voracek in Flyers zone.
19:49 of 3rd period - Wrist shot by Claude Giroux.
19:49 of 3rd period - Shot Blocked by Nathan Beaulieu.
19:51 of 3rd period - Snap shot by Claude Giroux.
19:51 of 3rd period - Shot Blocked by Jacob Trouba.
19:53 of 3rd period - Wrist shot by John Moore.
19:53 of 3rd period - Deflect By Andy Miele.
19:53 of 3rd period - Shot Misses the Net.
19:53 of 3rd period - Puck is out of play.
19:54 of 3rd period - Jordan Nolan wins face-off versus Andy Miele in Flyers zone.
19:56 of 3rd period - Minor Penalty to Jordan Nolan for Interference.
19:57 of 3rd period - Travis Zajac wins face-off versus Scott Laughton in Flyers zone.
Goals for this period are 1 for Flyers vs 0 for Predators.
Shots for this period are 7 for Flyers vs 3 for Predators.